Map: Port Aleksander LE

Players

MajorSpaniel - Winner!

  • Race: Protoss Protoss
  • League: Diamond
  • Spawn Location: 11:00

Cliggity

  • Race: Protoss Protoss
  • League: Diamond
  • Spawn Location: 5:00

VOD

Have the link to the VOD?

Description

Only the best fights

Time

  • Played on: March 15, 2019, 8:37 p.m.
  • Length: 22:32
Show
View Real Time Build Order
Export as new Build Order

MajorSpaniel Protoss - Winner!

Build Orders: Archon Immortal 

Get SALT Encoding   

  12  0:01  Probe  
  13  0:13  Probe  
  14  0:19  Pylon  
  14  0:26  Probe  
  15  0:36  Probe  
  15  0:40  Gateway  
  16  0:44  Probe  
  17  0:50  Assimilator  
  17  0:52  Probe  
  18  1:00  Assimilator  
  18  1:05  Probe  
  19  1:18  Gateway  
  19  1:23  Probe  
  20  1:32  Cybernetics Core  
  20  1:35  Probe  
  21  1:44  Pylon  
  21  1:50  Probe  
  22  2:02  Probe  
  23  2:09  Stalker, Sentry  
  23  2:11  Warp Gate  
  27  2:26  Probe  
  28  2:38  Stalker, Pylon  
  30  2:47  Stalker  
  31  2:53  Robotics Facility  
  31  3:15  Nexus  
  31  3:32  Pylon  
  31  3:33  Stalker  
  33  3:39  Stalker  
  35  3:50  Probe  
  35  3:54  Observer  
  37  4:02  Probe  
  38  4:14  Twilight Council, Probe  
  39  4:18  Immortal  
  43  4:28  Probe  
  43  4:29  Probe  
  45  4:36  Sentry  
  45  4:37  Sentry  
  49  4:41  Probe x2  
  51  4:51  Charge  
  51  4:53  Probe x2  
  53  5:13  Immortal  
  53  5:16  Forge  
  53  5:17  Forge  
  57  5:21  Pylon  
  57  5:26  Pylon  
  57  5:27  Probe x2  
  57  5:35  Probe x2  
  59  5:42  Assimilator  
  61  5:44  Probe x2, Assimilator  
  61  5:47  Protoss Ground Armor Level 1, Observer, Protoss Ground Weapons Level 1  
  63  5:56  Probe x2  
  66  6:01  Photon Cannon  
  66  6:05  Photon Cannon  
  66  6:10  Probe  
  67  6:19  Immortal  
  71  6:31  Photon Cannon  
  71  6:37  Probe x2  
  73  6:50  Templar Archives  
  73  6:56  Gateway  
  73  6:58  Gateway  
  73  7:00  Gateway  
  73  7:02  Pylon  
  73  7:04  Pylon  
  73  7:09  Immortal  
  77  7:22  Zealot x2  
  81  7:35  Gateway  
  81  7:37  Gateway  
  81  7:50  High Templar, Nexus  
  81  7:51  Pylon, High Templar  
  83  7:53  Pylon  
  83  7:56  Archon  
  85  8:01  Protoss Ground Weapons Level 2  
  85  8:02  High Templar x2  
  89  8:06  Archon  
  89  8:14  Protoss Ground Armor Level 2  
  89  8:21  Zealot  
  91  8:29  Pylon  
  91  8:31  Pylon  
  91  8:36  Probe x2  
  93  8:42  Photon Cannon  
  93  8:43  Immortal  
  93  8:46  Photon Cannon  
  97  8:48  Probe  
  97  8:49  Probe  
  97  8:55  Assimilator  
  99  8:58  High Templar x2  
  99  8:59  Assimilator  
  99  9:02  Archon  
  103  9:09  Probe x2  
  103  9:15  Zealot x3  
  108  9:18  Probe  
  108  9:19  Probe  
  110  9:25  Probe  
  110  9:26  Probe  
  110  9:27  Probe  
  113  9:31  High Templar  
  113  9:32  High Templar  
  113  9:33  Probe  
  113  9:35  Probe x2  
  113  9:36  Archon  
  118  9:39  Zealot x2  
  118  9:45  Probe  
  125  9:47  Probe  
  125  9:50  Probe  
  125  9:51  High Templar x2  
  131  9:56  Archon  
  131  9:57  Probe  
  131  9:59  Probe  
  133  10:01  Pylon  
  133  10:02  Probe  
  134  10:08  Zealot  
  134  10:09  Zealot x2  
  140  10:27  Pylon  
  140  10:29  Pylon  
  140  10:32  Protoss Ground Weapons Level 3  
  140  10:36  Pylon  
  139  10:47  Pylon  
  139  10:49  Pylon  
  133  10:51  Pylon  
  110  11:05  Probe x2  
  108  11:15  Zealot x3  
  108  11:16  Zealot  
  115  11:28  Protoss Ground Armor Level 3  
  113  11:33  Pylon  
  113  11:35  Pylon  
  113  11:38  Pylon  
  111  11:58  Stalker, Pylon  
  111  12:00  Stalker  
  115  12:16  Zealot x2  
  107  12:35  Nexus  
  107  12:38  Pylon  
  107  12:40  Immortal  
  107  12:41  Pylon  
  107  12:43  Pylon  
  111  12:49  High Templar x4  
  119  12:56  Archon x2  
  119  13:05  Protoss Shields Level 1, Gateway x2  
  119  13:08  Zealot  
  121  13:19  Probe x2, Warp Prism  
  125  13:22  High Templar x2  
  125  13:23  High Templar x2  
  125  13:26  Archon x2  
  133  13:31  Probe  
  134  13:43  Zealot  
  136  13:55  High Templar x2  
  137  13:56  High Templar x2  
  137  13:59  Archon  
  137  14:00  Archon  
  143  14:03  Probe x3  
  143  14:05  Zealot  
  143  14:07  Zealot x2  
  152  14:15  Probe x3  
  155  14:25  Nexus  
  155  14:26  Pylon  
  155  14:28  Pylon  
  155  14:31  Zealot  
  155  14:32  Zealot x6  
  169  14:43  Probe x3  
  172  14:47  Assimilator  
  172  14:55  Probe  
  173  15:03  High Templar x3  
  173  15:04  Zealot, High Templar  
  173  15:05  Zealot  
  173  15:06  High Templar  
  169  15:10  Archon  
  169  15:11  Archon  
  161  15:26  Zealot x2  
  149  15:47  Zealot x3  
  149  15:49  Probe x4  
  159  15:52  Zealot x4  
  162  16:04  Probe x3  
  162  16:05  Probe  
  165  16:13  Assimilator  
  165  16:16  High Templar x2  
  165  16:17  Assimilator, High Templar x2  
  165  16:18  Zealot x3  
  175  16:22  Archon  
  175  16:23  Archon  
  179  16:28  Observer  
  180  16:37  Photon Cannon  
  180  16:40  Photon Cannon  
  180  16:42  Photon Cannon  
  180  16:46  Photon Cannon, High Templar  
  182  16:47  High Templar x2  
  182  16:49  Observer  
  182  16:51  Archon  
  182  16:52  Archon  
  185  17:02  Zealot x4  
  193  17:32  Zealot x3  
  180  17:58  Nexus  
  180  18:01  Pylon  
  180  18:03  Pylon  
  152  19:31  Pylon  
  152  19:37  Pylon  
  113  21:21  Nexus  
Show
View Real Time Build Order
Export as new Build Order

Cliggity Protoss 

Build Orders: Blink Stalkers 

Get SALT Encoding   

  12  0:01  Probe  
  13  0:13  Probe  
  14  0:19  Pylon  
  14  0:25  Probe  
  15  0:33  Probe  
  15  0:40  Gateway  
  15  0:41  Probe  
  17  0:52  Probe  
  17  0:53  Assimilator  
  18  1:04  Probe  
  19  1:05  Assimilator  
  19  1:16  Probe  
  20  1:21  Gateway  
  20  1:31  Probe  
  21  1:38  Cybernetics Core  
  21  1:40  Pylon  
  21  1:45  Probe  
  22  1:57  Probe  
  23  2:09  Probe  
  23  2:14  Stalker  
  23  2:15  Stalker  
  28  2:16  Warp Gate  
  28  2:29  Twilight Council  
  28  2:41  Probe  
  29  2:53  Sentry  
  29  2:54  Pylon  
  31  3:12  Stalker, Probe, Nexus  
  34  3:24  Probe, Blink  
  35  3:49  Probe  
  35  3:54  Forge  
  36  3:57  Probe  
  37  4:03  Gateway  
  37  4:04  Pylon  
  37  4:07  Probe  
  38  4:18  Probe  
  38  4:21  Probe  
  38  4:23  Dark Shrine  
  39  4:24  Protoss Ground Weapons Level 1  
  39  4:26  Probe  
  39  4:30  Probe  
  41  4:34  Probe  
  43  4:40  Probe  
  43  4:41  Stalker x2  
  48  4:45  Probe  
  48  4:49  Assimilator  
  48  4:52  Probe  
  50  4:58  Probe  
  50  4:59  Stalker  
  53  5:04  Probe  
  53  5:05  Sentry  
  56  5:08  Phoenix  
  56  5:10  Shield Battery  
  56  5:24  Robotics Facility  
  56  5:28  Probe x2  
  58  5:29  Gateway  
  58  5:31  Pylon, Gateway  
  58  5:39  Dark Templar  
  60  5:44  Probe x2  
  62  5:56  Probe  
  64  5:57  Probe  
  64  6:06  Charge  
  64  6:08  Probe  
  65  6:17  Zealot x2  
  69  6:37  Protoss Ground Armor Level 1  
  69  6:50  Pylon  
  69  6:51  Pylon  
  69  6:54  Assimilator  
  73  7:08  Immortal  
  73  7:09  Zealot x3  
  73  7:10  Zealot x2, Nexus  
  73  7:12  Pylon  
  73  7:13  Pylon  
  83  7:35  Robotics Facility  
  83  7:37  Pylon  
  83  7:38  Pylon  
  83  7:44  Pylon, Immortal  
  83  7:45  Pylon  
  83  7:47  Gateway  
  83  7:48  Gateway  
  87  7:51  Gateway  
  87  7:52  Gateway  
  87  7:57  Zealot x3  
  87  7:58  Zealot x2  
  97  8:07  Templar Archives  
  97  8:09  Pylon  
  97  8:16  Warp Prism  
  97  8:23  Probe x3  
  102  8:30  Zealot x2  
  102  8:31  Zealot  
  108  8:35  Probe x2  
  110  8:43  Pylon  
  110  8:45  Pylon, Observer  
  111  8:52  High Templar x6  
  111  8:53  High Templar  
  125  8:56  Archon x3  
  125  8:58  Protoss Ground Weapons Level 2  
  125  8:59  Probe x3  
  128  9:11  Probe  
  127  9:24  Forge  
  127  9:25  Pylon x2  
  127  9:35  Zealot  
  127  9:36  Zealot x5  
  127  9:37  High Templar x2  
  143  9:41  Archon  
  143  9:54  Assimilator  
  143  9:56  Assimilator  
  143  10:06  Zealot x4  
  143  10:07  Zealot x3  
  153  10:31  Zealot x9  
  153  10:51  Zealot x9  
  107  11:19  High Templar x7  
  107  11:20  Zealot x2  
  107  11:23  Archon x3  
  115  11:33  Immortal x2  
  107  11:46  Zealot x2  
  117  11:51  Zealot  
  117  11:52  Zealot x6  
  131  12:12  Immortal  
  116  12:23  Zealot x8  
  116  12:24  Zealot  
  123  12:43  Assimilator  
  123  12:44  Protoss Ground Weapons Level 3  
  123  12:45  Nexus  
  123  12:49  Probe  
  124  12:51  Nexus  
  124  12:55  High Templar x3  
  130  12:58  Archon  
  130  13:00  Archon  
  130  13:12  Pylon  
  130  13:32  Warp Prism  
  130  13:33  Immortal  
  130  13:36  Protoss Ground Armor Level 2  
  130  13:37  Probe x2  
  135  13:49  Probe x2  
  137  14:09  Assimilator  
  137  14:10  Probe  
  137  14:11  Probe x3  
  137  14:16  Photon Cannon  
  141  14:18  Pylon  
  141  14:22  Probe  
  141  14:23  Probe  
  143  14:36  Immortal x2  
  151  14:51  High Templar x5  
  151  14:52  High Templar  
  163  14:55  Archon x2  
  161  15:15  Zealot x3  
  167  15:21  Protoss Shields Level 1  
  167  15:35  Zealot x7  
  175  16:01  Probe x2  
  175  16:02  Probe  
  178  16:07  High Templar x4  
  178  16:09  Zealot x5  
  196  16:11  Archon  
  196  16:12  Archon  
  196  16:14  Nexus  
  196  16:30  Assimilator  
  196  16:34  Photon Cannon  
  196  16:35  Photon Cannon  
  196  16:37  Photon Cannon  
  196  16:40  Photon Cannon  
  196  16:41  Photon Cannon  
  196  16:43  Pylon  
  196  17:12  Photon Cannon  
  196  17:14  Photon Cannon  
  196  17:15  Photon Cannon  
  196  17:17  Photon Cannon  
  196  17:18  Pylon  
  196  17:19  Photon Cannon  
  196  17:21  Probe  
  197  17:34  Nexus  
  197  17:37  Assimilator  
  197  17:39  Assimilator  
  194  17:44  Pylon, High Templar x3  
  194  17:45  Zealot  
  194  17:46  Zealot  
  194  17:47  Pylon, Zealot  
  164  19:12  Nexus  
  164  19:16  Assimilator  
  164  19:19  Assimilator  
  164  19:21  Gateway x2  
  164  19:23  Pylon  
  164  19:24  Gateway x2  
  164  19:27  Pylon, Gateway  
  164  19:28  Gateway  
  164  19:29  Pylon  
  98  20:12  Cybernetics Core, Gateway  
  84  20:19  Zealot x3  
  84  20:21  Zealot  
  92  20:26  Zealot x2  
  96  20:41  Zealot x4  
  45  21:24  Probe  
  2  21:32  Probe, Nexus  
  3  21:35  Pylon  
  3  21:37  Pylon  
  4  21:40  Pylon, Probe  
  4  21:43  Pylon  
  4  21:52  Probe  
  5  22:09  Probe  
  5  22:13  Nexus  
  5  22:15  Pylon  
  6  22:17  Pylon  
Tags
 
Add a new tag
Caveats
  • Supply blocks, unpowered buildings, or Contaminate may cause inaccurate times.
  • Supply counts are checked every 10 seconds.